 Dungeon Crawl Stone Soup version 0.31.0-11-ge490571c62 (webtiles) character file.

Game seed: 1092918929159875454

925 qw the Nimble (level 7, -9/35 HPs)
             Began as a Spriggan Hunter on Feb 3, 2024.
             Mangled by a gnoll
             ... wielding a +0 halberd
             ... led by a gnoll bouda
              (14 damage)
             ... on level 5 of the Dungeon.
             The game lasted 00:01:19 (3884 turns).

qw the Nimble (Spriggan Hunter)                     Turns: 3884, Time: 00:01:21

Health: -9/35      AC:  3    Str:  7    XL:     7   Next: 84%
Magic:  8/8        EV: 32    Int: 11    God:
Gold:   82         SH:  0    Dex: 26    Spells: 6/6 levels left

rFire   . . .        a - +2 shortbow
rCold   x . .        (shield currently unavailable)
rNeg    . . .        b - +1 robe of the Komodo Dragon {*Slow rC- Dex+6 Archmagi}
rPois   .            (helmet restricted)
rElec   .            (no cloak)
rCorr   .            (gloves unavailable)
SInv    +            (boots unavailable)
Will    +....        (no amulet)
Stlth   ++           j - +5 ring of evasion
HPRegen 0.25/turn    (no ring)
MPRegen 0.11/turn

%: slow self (1%), archmagi
@: about to teleport, weakened, very quick
A: very small, no large weapons, unfitting armour, see invisible, speed 3
a: no special abilities


You were on level 5 of the Dungeon.
You visited 1 branch of the dungeon, and saw 5 of its levels.

You collected 112 gold pieces.
You spent 30 gold pieces at shops.


Innate Abilities, Weirdness & Mutations

You are very small and have problems with some larger weapons.
You are too small for most types of armour.
You have supernaturally acute eyesight. (SInv)
You cover ground extremely quickly. (Speed+++)


   Skills:
 - Level 2.1 Fighting
 + Level 7.1 Ranged Weapons
 - Level 9.0 Dodging
 - Level 1.5 Stealth


You had 6 spell levels left.
You didn't know any spells.
Your spell library was empty.

Inventory:

Hand Weapons
 a - a +2 shortbow (weapon)
Armour
 b - the +1 robe of the Komodo Dragon (worn) {*Slow rC- Dex+6 Archmagi}
   (You found it on level 3 of the Dungeon)

   Dex+6:     It affects your dexterity (+6).
   rC-:       It makes you vulnerable to cold.
   *Slow:     It may slow you when you take damage.
   Archmagi:  It increases the power of your magical spells.
Jewellery
 j - a +5 ring of evasion (left hand)
Wands
 e - a wand of quicksilver (6)
 l - a wand of iceblast (5)
Scrolls
 c - a scroll of enchant armour {unknown}
 h - a scroll of identify
 o - a scroll of blinking {unknown}
Potions
 d - a potion of mutation
 f - 3 potions of curing
 g - a potion of haste
 i - a potion of resistance {unknown}
 m - a potion of might {unknown}
 n - a potion of lignification {unknown}

Dungeon Overview and Level Annotations

Branches:
Dungeon (5/15)
 Temple: D:4-7

Altars:

Shops:
D:2 *=*[

Annotations:
D:4 2 transporters, qw's ghost, amateur SpHu


Message History

The gnoll bouda completely misses you. The gnoll barely misses you.
The gnoll bouda barks out a call to the hunt!
The gnoll picks up the pace!
You shoot an arrow. The arrow hits the gnoll bouda!
The gnoll bouda is severely wounded.
The gnoll completely misses you.
The gnoll bouda prays to its god.
The gnoll bouda is healed somewhat.
You shoot an arrow.
The arrow closely misses the gnoll bouda.
The gnoll completely misses you. The gnoll bouda closely misses you.
You shoot an arrow. The arrow hits the gnoll bouda.
The gnoll bouda is severely wounded.
The gnoll misses you.
The gnoll bouda gazes fiercely through you!
You feel as though you will be weak longer.
The gnoll bouda hits you with a +0 club.
You shoot an arrow. The arrow hits the gnoll bouda!
You kill the gnoll bouda!
The gnoll completely misses you. The gnoll misses you.
Your Dodging skill increases to level 9!
You shoot an arrow. The arrow hits the gnoll.
The gnoll is lightly wounded.
The gnoll misses you. The gnoll closely misses you.
You shoot an arrow. The arrow hits the gnoll!
You kill the gnoll!
The gnoll misses you.
You shoot an arrow. The arrow closely misses the gnoll.
The gnoll completely misses you.
You shoot an arrow. The arrow hits the gnoll.
The gnoll is lightly wounded.
The gnoll completely misses you.
You shoot an arrow. The arrow hits the gnoll.
The gnoll is heavily wounded.
The gnoll hits you from afar with a +0 halberd!
3884 ||| READING scroll of teleportation.
As you read the scroll of teleportation, it crumbles to dust.
You feel strangely unstable.
The gnoll hits you from afar with a +0 halberd!
You die...

#######.##### ###
#######...#.......# ##.##
#.......#.#.#.###.######.#.##
#.#####...#...%.........###.#
#.# ##........#.######.#.####
#.# ####....##.# #.........#
#.# #.#.###.# #.........# #.#
#.#.###.# #.###.##..# #.#
#|..@...# #.# #.##..# #.#
###)##### #.# #.##..# #.# #)g
#.# #.##..# ##.### #...
#.###.##..# #..#.## #....
#.#.#.##..# ##.#...####.....
###.........#
..#.......+...$.
+.......#####
##.#...####..... ####....#
#.##.## ##.#.#


You could see a gnoll (swift).

Vanquished Creatures
  A water moccasin (D:5)
  An ogre (D:4)
  3 scorpions
  A howler monkey (D:5)
  2 gnoll boudas (D:5)
  A bombardier beetle (D:5)
  2 hounds (D:5)
  An orc priest (D:5)
  2 sleepcaps (D:5)
  3 orc wizards
  6 gnolls
  2 adders (D:2)
  3 dart slugs
  A ribbon worm (D:3)
  15 orcs
  6 endoplasms
  8 giant cockroaches
  19 goblins
  7 hobgoblins
  5 jackals
  2 quokkas
  8 ball pythons
  3 bats
  2 frilled lizards (D:3)
  8 kobolds
  6 rats
  A butterfly (D:1)
119 creatures vanquished.

Notes
Turn   | Place    | Note
-------+----------+-------------------------------------------
     0 | D:1      | qw the Spriggan Hunter began the quest for the Orb.
     0 | D:1      | Reached XP level 1. HP: 10/10 MP: 2/2
     0 | D:1      | 0 ||| qw: Version: 0.3-a-155-g5e7d8dd
     0 | D:1      | 0 ||| qw: Game counter: 3528
     0 | D:1      | 0 ||| qw: Melee chars always use a shield: true
     0 | D:1      | 0 ||| qw: God list: Okawaru
     0 | D:1      | 0 ||| qw: Allow faded altars: false
     0 | D:1      | 0 ||| qw: Do Orc after clearing Dungeon:15 true
     0 | D:1      | 0 ||| qw: Do second Lair branch before Depths: true
     0 | D:1      | 0 ||| qw: Lair rune preference: random
     0 | D:1      | 0 ||| qw: Goals: Normal
     0 | D:1      | 0 ||| PLANNING D:1-11
    14 | D:1      | Reached skill level 3 in Dodging
    57 | D:1      | Reached XP level 2. HP: 14/14 MP: 3/3
   120 | D:1      | Reached skill level 4 in Dodging
   351 | D:1      | Reached XP level 3. HP: 18/18 MP: 4/4
   610 | D:1      | 610 ||| READING scroll labelled LYUPHAT LAIS.
   611 | D:1      | 611 ||| READING 2 scrolls labelled OMEOPP GYOCICW.
   612 | D:1      | 612 ||| READING scroll labelled GAGGUS MOFIU.
   616 | D:1      | 616 ||| READING scroll labelled OTOWIT VANLUMUYMA.
   616 | D:1      | 616 ||| ENCHANTING +0 shortbow.
   617 | D:1      | 617 ||| DROPPING scroll of butterflies.
   618 | D:1      | 618 ||| DROPPING scroll of revelation.
   675 | D:2      | Found Megug's Armour Shop.
   679 | D:2      | Found Joireopp's Jewellery Boutique.
   689 | D:2      | 689 ||| SHOPLISTING +4 ring of protection (396 gold, have
                  | 35).
   689 | D:2      | 689 ||| SHOPLISTING +6 ring of dexterity (396 gold, have
                  | 35).
   689 | D:2      | 689 ||| SHOPLISTING ring of protection from fire (275 gold,
                  | have 35).
   689 | D:2      | 689 ||| SHOPLISTING ring of willpower (275 gold, have 35).
   704 | D:2      | Found Iczycz Vive's General Store.
   707 | D:2      | 707 ||| BUYING potion of curing (30 gold).
   707 | D:2      | Bought a potion of curing for 30 gold pieces
   707 | D:2      | 707 ||| SHOPLISTING scroll of identify (20 gold, have 5).
   897 | D:2      | Found Qaegopt's General Store.
  1227 | D:2      | 1227 ||| DROPPING amulet of magic regeneration.
  1228 | D:2      | 1228 ||| READING scroll labelled VIUTUOMPUO.
  1229 | D:2      | 1229 ||| READING 2 scrolls labelled OMOL MOSUE.
  1230 | D:2      | 1230 ||| DROPPING scroll of fog.
  1274 | D:3      | Reached XP level 4. HP: 22/22 MP: 5/5
  1308 | D:3      | Identified the +1 robe of the Komodo Dragon {*Slow rC-
                  | Dex+6 Archmagi}
  1932 | D:3      | 1932 ||| UPGRADING to +1 robe of the Komodo Dragon {*Slow
                  | rC- Dex+6 Archmagi}.
  1942 | D:3      | 1942 ||| DROPPING +0 robe.
  1943 | D:3      | 1943 ||| UPGRADING to +5 ring of evasion.
  1944 | D:3      | 1944 ||| READING scroll labelled AGUOFOTITU.
  1945 | D:3      | 1945 ||| READING scroll labelled SEREST FINE.
  1945 | D:3      | 1945 ||| IDENTIFYING white potion
  1947 | D:3      | 1947 ||| Stepping ~*~*~tactically~*~*~ (cloud).
  2073 | D:4      | Found a transporter.
  2075 | D:4      | Noticed qw's ghost (amateur SpHu)
  2082 | D:4      | Noticed a scorpion
  2084 | D:4      | 2084 ||| RETREEEEATING.
  2085 | D:4      | 2085 ||| ZAPPING wand of quicksilver (11) at 4,4 (scorpion;
                  | floor).
  2086 | D:4      | 2086 ||| ZAPPING wand of quicksilver (10) at 3,3 (scorpion;
                  | floor).
  2086 | D:4      | Killed a scorpion
  2087 | D:4      | Reached skill level 5 in Dodging
  2087 | D:4      | Reached XP level 5. HP: 25/25 MP: 6/6
  2099 | D:4      | Reached skill level 6 in Dodging
  2202 | D:4      | 2202 ||| DRINKING 4 potions of curing.
  2202 | D:4      | 2202 ||| (to cure confusion)
  2276 | D:4      | Noticed an ogre
  2277 | D:4      | 2277 ||| ZAPPING wand of quicksilver (9) at 0,4 (ogre;
                  | floor).
  2278 | D:4      | 2278 ||| ZAPPING wand of quicksilver (8) at 0,4 (ogre;
                  | floor).
  2279 | D:4      | 2279 ||| ZAPPING wand of quicksilver (7) at -1,3 (ogre;
                  | floor).
  2279 | D:4      | Killed an ogre
  2280 | D:4      | Reached XP level 6. HP: 30/30 MP: 7/7
  2348 | D:4      | Found a transporter.
  2432 | D:4      | 2432 ||| READING scroll of enchant weapon.
  2432 | D:4      | 2432 ||| ENCHANTING +1 shortbow.
  2667 | D:4      | 2667 ||| DROPPING +6 ring of intelligence.
  2668 | D:4      | 2668 ||| READING scroll labelled KIN KO ANABUNY.
  2681 | D:5      | Entered Level 5 of the Dungeon
  2691 | D:5      | Reached skill level 6 in Ranged Weapons
  2732 | D:5      | Reached skill level 7 in Dodging
  2743 | D:5      | Reached XP level 7. HP: 21/35 MP: 8/8
  2927 | D:5      | 2927 ||| FLEEEEING.
  2928 | D:5      | 2928 ||| FLEEEEING.
  2930 | D:5      | 2930 ||| FLEEEEING.
  2931 | D:5      | 2931 ||| FLEEEEING.
  2933 | D:5      | 2933 ||| FLEEEEING.
  2934 | D:5      | 2934 ||| FLEEEEING.
  2935 | D:5      | 2935 ||| FLEEEEING.
  2937 | D:5      | 2937 ||| FLEEEEING.
  2938 | D:5      | 2938 ||| FLEEEEING.
  2939 | D:5      | 2939 ||| FLEEEEING.
  2940 | D:5      | 2940 ||| FLEEEEING.
  2941 | D:5      | 2941 ||| FLEEEEING.
  2942 | D:5      | 2942 ||| FLEEEEING.
  2943 | D:5      | 2943 ||| FLEEEEING.
  2944 | D:5      | 2944 ||| FLEEEEING.
  2947 | D:5      | 2947 ||| FLEEEEING.
  2948 | D:5      | 2948 ||| FLEEEEING.
  2949 | D:5      | 2949 ||| FLEEEEING.
  2950 | D:5      | 2950 ||| FLEEEEING.
  2951 | D:5      | 2951 ||| FLEEEEING.
  2952 | D:5      | 2952 ||| FLEEEEING.
  2953 | D:5      | 2953 ||| FLEEEEING.
  2955 | D:5      | 2955 ||| FLEEEEING.
  2956 | D:5      | 2956 ||| FLEEEEING.
  2957 | D:5      | 2957 ||| FLEEEEING.
  2958 | D:5      | 2958 ||| FLEEEEING.
  2959 | D:5      | 2959 ||| FLEEEEING.
  2960 | D:5      | 2960 ||| FLEEEEING.
  2963 | D:5      | 2963 ||| FLEEEEING.
  2964 | D:5      | 2964 ||| FLEEEEING.
  2994 | D:5      | 2994 ||| FLEEEEING.
  2995 | D:5      | 2995 ||| FLEEEEING.
  2998 | D:5      | 2998 ||| FLEEEEING.
  2999 | D:5      | 2999 ||| FLEEEEING.
  3000 | D:5      | 3000 ||| FLEEEEING.
  3001 | D:5      | 3001 ||| FLEEEEING.
  3002 | D:5      | 3002 ||| FLEEEEING.
  3003 | D:5      | 3003 ||| FLEEEEING.
  3005 | D:5      | 3005 ||| FLEEEEING.
  3006 | D:5      | 3006 ||| STAIRDANCE
  3069 | D:4      | 3069 ||| DRINKING 2 puce potions.
  3072 | D:5      | 3072 ||| STAIRDANCE
  3287 | D:5      | 3287 ||| FLEEEEING.
  3288 | D:5      | 3288 ||| FLEEEEING.
  3289 | D:5      | 3289 ||| FLEEEEING.
  3290 | D:5      | 3290 ||| FLEEEEING.
  3292 | D:5      | 3292 ||| FLEEEEING.
  3293 | D:5      | 3293 ||| FLEEEEING.
  3357 | D:5      | Reached skill level 8 in Dodging
  3879 | D:5      | Reached skill level 9 in Dodging
  3883 | D:5      | HP: 5/35 [gnoll/+0 halberd[a gnoll bouda] (16)]
  3884 | D:5      | 3884 ||| READING scroll of teleportation.
  3884 | D:5      | Mangled by a gnoll

Levels and vault maps discovered:
D:1:      spicycebolla_arrival_clurvy, layout_basic
D:2:      layout_loops_ring, serial_shops, shop_statue, shop, shop, shop
D:3:      layout_basic, minmay_pentomino_pile
D:4:      layout_loops_ring, gammafunk_ghost_mausoleum, minmay_ogre_servants
D:5:      layout_loops_corners

Skill      XL: |  1  2  3  4  5  6  7 |
---------------+----------------------+-----
Dodging        | 3 4 5 6 7 9 |  9.0
Ranged Weapons | 5 6 7 |  7.1
Fighting       | 2 |  2.1
Stealth        | |  1.5

Action                     |  1- 3 |  4- 6 |  7- 9 || total
---------------------------+-------+-------+-------++-------
   Fire: Shortbow          |   103 |   134 |    96 ||   333
  Evoke: Wand              |       |     5 |       ||     5
    Use: Scroll            |     6 |     4 |     1 ||    11
         Potion            |       |     1 |     1 ||     2
 Armour: Robe              |     6 |    14 |    15 ||    35
  Dodge: Dodged            |    12 |    65 |    80 ||   157

Table legend:
 A = Non-vault XP
 B = Vault XP
 C = Vault XP percentage of total XP
 D = Non-vault monster count
 E = Vault monster count
 F = Vault count percentage of total count
                 A         B        C        D         E       F
            +---------+---------+-------+---------+---------+-------
      Total |    1176 |     146 |  11.0 |     105 |      13 |  11.0
            +---------+---------+-------+---------+---------+-------
        D:1 |      49 |       0 |   0.0 |      29 |       0 |   0.0
        D:2 |      44 |       0 |   0.0 |      12 |       0 |   0.0
        D:3 |      31 |       9 |  22.5 |      15 |       4 |  21.1
        D:4 |     175 |     137 |  43.9 |      23 |       9 |  28.1
        D:5 |     877 |       0 |   0.0 |      26 |       0 |   0.0
            +---------+---------+-------+---------+---------+-------
